| TOP OF THE 1ST |
|
El Paso Sun Kings batting - Pitching for Arkansas Travelers : LHP Ricardo Acevedo
|
|
Pitching: LHP Ricardo Acevedo
|
|
|
Batting: LHB Kevin Knuth
|
0-0: Swinging Strike 0-1: Foul Ball, location: 2F 0-2: Strikes out looking
|
|
Batting: RHB Danny Ramires
|
0-0: Ball 1-0: Ball 2-0: Called Strike 2-1: Ball 3-1: DOUBLE (Flyball, 8RXD, EV 105.0 MPH)
|
|
Batting: RHB Jimmy Waugh
|
0-0: Ball 1-0: Ground out 5-3 (Groundball, 56, EV 105.6 MPH)
|
|
Batting: RHB Jon Hansen
|
0-0: Ball 1-0: Ball 2-0: Ball 3-0: Base on Balls
|
|
Batting: RHB Michael Hanson
|
0-0: Fly out, F7 (Flyball, 78S, EV 85.6 MPH)
|
| Top of the 1st over - 0 runs, 1 hit, 0 errors, 2 left on base; El Paso 0 - Arkansas 0 |
| BOTTOM OF THE 1ST |
|
Arkansas Travelers batting - Pitching for El Paso Sun Kings : RHP Kevin Fitzhugh
|
|
Pitching: RHP Kevin Fitzhugh
|
|
|
Batting: RHB Nehames Bernstine
|
0-0: Bunted foul 0-1: Ball 1-1: Swinging Strike 1-2: Ball 2-2: Ground out 3-1 (Groundball, 34, EV 81.9 MPH)
|
|
Batting: RHB Denny Gonzalez
|
0-0: Called Strike 0-1: Foul Ball, location: 2F 0-2: Strikes out swinging
|
|
Batting: LHB Dave Magadan
|
0-0: Called Strike 0-1: Ball 1-1: Swinging Strike 1-2: Ball 2-2: Ground out U3 (Groundball, 13, EV 87.5 MPH)
|
| Bottom of the 1st over - 0 runs, 0 hits, 0 errors, 0 left on base; El Paso 0 - Arkansas 0 |
| TOP OF THE 2ND |
|
El Paso Sun Kings batting - Pitching for Arkansas Travelers : LHP Ricardo Acevedo
|
|
Batting: LHB Stanley Hendrickson
|
0-0: Called Strike 0-1: Called Strike 0-2: Ball 1-2: Strikes out looking
|
|
Batting: SHB Danny Torres
|
0-0: Called Strike 0-1: Swinging Strike 0-2: Ball 1-2: Ball 2-2: Foul Ball, location: 2F 2-2: Ball 3-2: SINGLE (Groundball, 56D, EV 107.5 MPH)
|
|
Batting: RHB Bruce Benedict
|
0-0: Fly out, F6 (Popup, 6M, EV 71.9 MPH)
|
|
Batting: SHB Wayne Stone
|
0-0: Ball 1-0: Foul Ball, location: 2F 1-1: Fly out, F7 (Flyball, 7S, EV 84.4 MPH)
|
| Top of the 2nd over - 0 runs, 1 hit, 0 errors, 1 left on base; El Paso 0 - Arkansas 0 |
| BOTTOM OF THE 2ND |
|
Arkansas Travelers batting - Pitching for El Paso Sun Kings : RHP Kevin Fitzhugh
|
|
Batting: RHB Kevin Seitzer
|
0-0: Called Strike 0-1: Ball 1-1: SINGLE (Line Drive, 78M, EV 105.6 MPH)
|
|
Batting: SHB Bob Meacham
|
0-0: Ball 1-0: Ball 2-0: SINGLE (Line Drive, 34D, EV 95.0 MPH) Kevin Seitzer to second Runner from 2nd tries for 3rd, SAFE, no throw by RF
|
|
Batting: LHB Jesus Marinez
|
0-0: Ball 1-0: Ball 2-0: Ball 3-0: Called Strike 3-1: Base on Balls Bob Meacham to second
|
|
Batting: LHB Chris Henry
|
0-0: Foul Ball, location: 2F 0-1: Ball 1-1: Ball 2-1: Ball 3-1: Fielders Choice at 2nd, 3-6 (Groundball, 3, EV 87.5 MPH) Kevin Seitzer scores Bob Meacham to third
|
|
Batting: RHB Rob Deer
|
0-0: Ball 1-0: Ball 2-0: Ball 3-0: Called Strike 3-1: Base on Balls Chris Henry to second
|
|
Batting: RHB Alex Duarte
|
0-0: Ball 1-0: Foul Ball, location: 2F 1-1: SINGLE (Groundball, 6S, EV 67.5 MPH) (infield hit) Bob Meacham scores Chris Henry to third Rob Deer to second
|
|
Batting: RHB Nehames Bernstine
|
0-0: Called Strike 0-1: Ball 1-1: DOUBLE (Line Drive, 78D, EV 107.5 MPH) Chris Henry scores Rob Deer scores Alex Duarte to third Runner from 3rd tries for Home, SAFE, throw by CF to trailing runner, OUT at third! 8-3-5
|
|
Batting: RHB Denny Gonzalez
|
0-0: Ball 1-0: Ball 2-0: Ball 3-0: Base on Balls
|
|
Batting: LHB Dave Magadan
|
0-0: Ball Denny Gonzalez is caught stealing 2nd base 2-6
|
| Bottom of the 2nd over - 5 runs, 4 hits, 0 errors, 0 left on base; El Paso 0 - Arkansas 5 |
| TOP OF THE 3RD |
|
El Paso Sun Kings batting - Pitching for Arkansas Travelers : LHP Ricardo Acevedo
|
|
Batting: LHB Kevin Knuth
|
0-0: Called Strike 0-1: Ball 1-1: Foul Ball, location: 2F 1-2: Ball 2-2: Ball 3-2: Base on Balls
|
|
Batting: RHB Danny Ramires
|
0-0: Swinging Strike 0-1: Swinging Strike 0-2: Ball 1-2: Foul Ball, location: 2F 1-2: Foul Ball, location: 2F 1-2: Ball 2-2: Ball 3-2: Base on Balls Kevin Knuth to second
|
|
Batting: RHB Jimmy Waugh
|
0-0: Ball 1-0: SINGLE (Line Drive, 78S, EV 98.8 MPH) Kevin Knuth to third Danny Ramires to second
|
|
Batting: RHB Jon Hansen
|
0-0: Ball 1-0: Ball 2-0: Ball 3-0: Called Strike 3-1: Base on Balls Kevin Knuth scores Danny Ramires to third Jimmy Waugh to second
|
|
Batting: RHB Michael Hanson
|
0-0: Called Strike 0-1: Called Strike 0-2: Ball 1-2: Ball 2-2: Strikes out swinging
|
|
Batting: LHB Stanley Hendrickson
|
0-0: Ball 1-0: Ball 2-0: Foul Ball, location: 2F 2-1: Fly out, F9 (Flyball, 89D, EV 93.1 MPH) Runner from 3rd tags up, SCORES, throw by RF Jimmy Waugh to third
|
|
Batting: SHB Danny Torres
|
0-0: Ball 1-0: Ball 2-0: Ball 3-0: Base on Balls Jon Hansen to second
|
|
Batting: RHB Bruce Benedict
|
0-0: Foul Ball, location: 2F 0-1: Ground out 4-3 (Groundball, 34, EV 89.4 MPH)
|
| Top of the 3rd over - 2 runs, 1 hit, 0 errors, 3 left on base; El Paso 2 - Arkansas 5 |
| BOTTOM OF THE 3RD |
|
Arkansas Travelers batting - Pitching for El Paso Sun Kings : RHP Kevin Fitzhugh
|
|
Batting: LHB Dave Magadan
|
0-0: Called Strike 0-1: Ball 1-1: Foul Ball, location: 2F 1-2: Fly out, F8 (Flyball, 78M, EV 92.5 MPH)
|
|
Batting: RHB Kevin Seitzer
|
0-0: Ball 1-0: Ball 2-0: Ball 3-0: Called Strike 3-1: Base on Balls
|
|
Batting: SHB Bob Meacham
|
0-0: Ball 1-0: Ball 2-0: Called Strike 2-1: Fielders Choice at 2nd, 5-4 (Groundball, 56, EV 109.4 MPH)
|
|
Batting: LHB Jesus Marinez
|
0-0: Called Strike 0-1: Fly out, F8 (Line Drive, 8RM, EV 100.0 MPH)
|
| Bottom of the 3rd over - 0 runs, 0 hits, 0 errors, 1 left on base; El Paso 2 - Arkansas 5 |
| TOP OF THE 4TH |
|
El Paso Sun Kings batting - Pitching for Arkansas Travelers : LHP Ricardo Acevedo
|
|
Batting: SHB Wayne Stone
|
0-0: Ball 1-0: SINGLE (Groundball, 34D, EV 106.9 MPH)
|
|
Batting: LHB Kevin Knuth
|
0-0: Ball 1-0: Foul Ball, location: 2F 1-1: Ball 2-1: Called Strike 2-2: Reached on error, E5 (Groundball, 56S, EV 77.5 MPH) Wayne Stone to second
|
|
Batting: RHB Danny Ramires
|
0-0: Ball 1-0: Ball 2-0: Ball 3-0: Called Strike 3-1: Base on Balls Wayne Stone to third Kevin Knuth to second
|
|
Batting: RHB Jimmy Waugh
|
0-0: Called Strike 0-1: SINGLE (Groundball, 56D, EV 103.8 MPH) Wayne Stone scores Kevin Knuth to third Danny Ramires to second Runner from 3rd tries for Home, SAFE, throw by LF to home
|
|
Batting: RHB Jon Hansen
|
0-0: Ball 1-0: Grounds into double play, 6-4-3 (Groundball, 6, EV 103.8 MPH) Danny Ramires to third
|
|
Batting: RHB Michael Hanson
|
0-0: Swinging Strike 0-1: Ball 1-1: Ball 2-1: Swinging Strike 2-2: Ball 3-2: Strikes out swinging
|
| Top of the 4th over - 2 runs, 2 hits, 1 error, 1 left on base; El Paso 4 - Arkansas 5 |
| BOTTOM OF THE 4TH |
|
Arkansas Travelers batting - Pitching for El Paso Sun Kings : RHP Kevin Fitzhugh
|
|
Batting: LHB Chris Henry
|
0-0: Called Strike 0-1: Swinging Strike 0-2: Foul Ball, location: 2F 0-2: Strikes out looking
|
|
Batting: RHB Rob Deer
|
0-0: Swinging Strike 0-1: Ball 1-1: Ball 2-1: Fly out, F7 (Line Drive, 7, EV 106.9 MPH)
|
|
Batting: RHB Alex Duarte
|
0-0: Foul Ball, location: 2F 0-1: Ball 1-1: Ball 2-1: Ball 3-1: Called Strike 3-2: SINGLE (Groundball, 56D, EV 105.6 MPH)
|
|
Batting: RHB Nehames Bernstine
|
0-0: Ball Alex Duarte steals 2nd base 1-0: Ball 2-0: Ball 3-0: Base on Balls
|
|
Batting: RHB Denny Gonzalez
|
0-0: Ball 1-0: Ball 2-0: Ball 3-0: Called Strike 3-1: Called Strike 3-2: Base on Balls Alex Duarte to third Nehames Bernstine to second
|
|
Batting: LHB Dave Magadan
|
0-0: Called Strike 0-1: Ball 1-1: Ball 2-1: Ball Passed Ball! Alex Duarte scores Nehames Bernstine to third Denny Gonzalez to second 3-1: Base on Balls
|
|
Pitching: RHP David Mangrum
|
|
|
Batting: RHB Kevin Seitzer
|
0-0: Foul Ball, location: 2F 0-1: Foul Ball, location: 2F 0-2: Ball 1-2: SINGLE (Line Drive, 8LS, EV 103.8 MPH) Nehames Bernstine scores Denny Gonzalez to third Dave Magadan to second Runner from 3rd tries for Home, SAFE, throw by CF to home
|
|
Batting: SHB Bob Meacham
|
0-0: Swinging Strike 0-1: Swinging Strike 0-2: Ball 1-2: Foul Ball, location: 2F 1-2: SINGLE (Groundball, 6D, EV 96.9 MPH) Dave Magadan to third Kevin Seitzer to second Runner from 3rd tries for Home, SAFE, throw by LF to home
|
|
Batting: LHB Jesus Marinez
|
0-0: Ball 1-0: Fly out, F8 (Line Drive, 8RM, EV 94.4 MPH)
|
| Bottom of the 4th over - 4 runs, 3 hits, 0 errors, 2 left on base; El Paso 4 - Arkansas 9 |
| TOP OF THE 5TH |
|
El Paso Sun Kings batting - Pitching for Arkansas Travelers : LHP Ricardo Acevedo
|
|
Batting: LHB Stanley Hendrickson
|
0-0: Ball 1-0: Called Strike 1-1: Ground out 4-3 (Groundball, 4, EV 77.5 MPH)
|
|
Batting: SHB Danny Torres
|
0-0: Called Strike 0-1: Ball 1-1: SINGLE (Line Drive, 9LS, EV 93.8 MPH)
|
|
Batting: RHB Bruce Benedict
|
0-0: Reached on error, E5 (Groundball, 5, EV 91.3 MPH) Danny Torres to second
|
|
Batting: SHB Wayne Stone
|
0-0: Ball 1-0: Fielders Choice at 2nd, 1-6 (Groundball, 23, EV 73.8 MPH) Danny Torres to third
|
|
Batting: LHB Kevin Knuth
|
0-0: Ball 1-0: Ball 2-0: Foul Ball, location: 2F 2-1: Fly out, F5 (Flyball, 5D, EV 88.8 MPH)
|
| Top of the 5th over - 0 runs, 1 hit, 1 error, 2 left on base; El Paso 4 - Arkansas 9 |
| BOTTOM OF THE 5TH |
|
Arkansas Travelers batting - Pitching for El Paso Sun Kings : RHP David Mangrum
|
|
Batting: LHB Chris Henry
|
0-0: Called Strike 0-1: Swinging Strike 0-2: Ball 1-2: DOUBLE (Flyball, 8RXD, EV 103.8 MPH)
|
|
Batting: RHB Rob Deer
|
0-0: Swinging Strike 0-1: 2-RUN HOME RUN (Flyball, 78XD, EV 95.6 MPH), Distance : 417 ft
|
|
Batting: RHB Alex Duarte
|
0-0: Fly out, F7 (Line Drive, 7D, EV 92.5 MPH)
|
|
Batting: RHB Nehames Bernstine
|
0-0: Ball 1-0: Ball 2-0: Ball 3-0: Base on Balls
|
|
Batting: RHB Denny Gonzalez
|
0-0: Foul Ball, location: 2F 0-1: Ball 1-1: Called Strike 1-2: Foul Ball, location: 2F 1-2: Foul Ball, location: 2F 1-2: Ball 2-2: Fly out, F7 (Flyball, 7D, EV 91.9 MPH)
|
|
Batting: LHB Dave Magadan
|
0-0: Ball 1-0: Called Strike 1-1: Foul Ball, location: 2F 1-2: Fielders Choice at 2nd, 6-4 (Groundball, 6, EV 86.3 MPH)
|
| Bottom of the 5th over - 2 runs, 2 hits, 0 errors, 1 left on base; El Paso 4 - Arkansas 11 |
| TOP OF THE 6TH |
|
El Paso Sun Kings batting - Pitching for Arkansas Travelers : LHP Ricardo Acevedo
|
|
Batting: RHB Danny Ramires
|
0-0: SINGLE (Flyball, 8RS, EV 94.4 MPH)
|
|
Batting: RHB Jimmy Waugh
|
0-0: Ball Wild Pitch! Danny Ramires to second 1-0: Called Strike 1-1: Swinging Strike 1-2: Strikes out looking
|
|
Batting: RHB Jon Hansen
|
0-0: DOUBLE (Line Drive, 89M, EV 103.1 MPH) Danny Ramires scores
|
|
Batting: RHB Michael Hanson
|
0-0: Called Strike 0-1: Ball 1-1: Foul Ball, location: 2F 1-2: Ball 2-2: Strikes out looking
|
|
Batting: LHB Stanley Hendrickson
|
0-0: Swinging Strike Passed Ball! Jon Hansen to third 0-1: Ball 1-1: Foul Ball, location: 2F 1-2: Ball 2-2: Ball 3-2: Fly out, F9 (Flyball, 9S, EV 71.9 MPH)
|
| Top of the 6th over - 1 run, 2 hits, 0 errors, 1 left on base; El Paso 5 - Arkansas 11 |
| BOTTOM OF THE 6TH |
|
Arkansas Travelers batting - Pitching for El Paso Sun Kings : RHP David Mangrum
|
|
Batting: RHB Kevin Seitzer
|
0-0: Ball 1-0: Ball 2-0: Swinging Strike 2-1: Ball 3-1: Base on Balls
|
|
Batting: SHB Bob Meacham
|
0-0: Ball 1-0: Swinging Strike 1-1: Ball 2-1: Foul Ball, location: 2F 2-2: Foul Ball, location: 2F 2-2: Strikes out swinging
|
|
Pitching: RHP John Harness
|
|
|
Batting: LHB Jesus Marinez
|
0-0: Foul Ball, location: 2F 0-1: Fly out, F8 (Flyball, 8RS, EV 78.8 MPH)
|
|
Batting: LHB Chris Henry
|
0-0: Called Strike 0-1: 2-RUN HOME RUN (Flyball, 89XD, EV 104.4 MPH), Distance : 395 ft
|
|
Batting: RHB Rob Deer
|
0-0: Ground out 4-3 (Groundball, 4, EV 110.0 MPH)
|
| Bottom of the 6th over - 2 runs, 1 hit, 0 errors, 0 left on base; El Paso 5 - Arkansas 13 |
| TOP OF THE 7TH |
|
El Paso Sun Kings batting - Pitching for Arkansas Travelers : LHP Ricardo Acevedo
|
|
Batting: SHB Danny Torres
|
0-0: Called Strike 0-1: Swinging Strike 0-2: Hit by Pitch
|
|
Batting: RHB Bruce Benedict
|
0-0: Called Strike 0-1: Ball 1-1: Grounds into double play, 6-4-3 (Groundball, 6, EV 85.0 MPH)
|
|
Batting: SHB Wayne Stone
|
0-0: Ball 1-0: SINGLE (Groundball, 6M, EV 90.0 MPH) (infield hit)
|
|
Pinch Hitting: RHB William Cline
|
0-0: SINGLE (Line Drive, 4D, EV 102.5 MPH) Wayne Stone to second
|
|
Batting: RHB Danny Ramires
|
0-0: Ground out 3-1 (Groundball, 34, EV 105.6 MPH)
|
| Top of the 7th over - 0 runs, 2 hits, 0 errors, 2 left on base; El Paso 5 - Arkansas 13 |
| BOTTOM OF THE 7TH |
|
Arkansas Travelers batting - Pitching for El Paso Sun Kings : RHP John Harness
|
|
Now in RF: William Cline
|
|
|
Batting: RHB Alex Duarte
|
0-0: Called Strike 0-1: Ball 1-1: Ball 2-1: Ball 3-1: Base on Balls
|
|
Batting: RHB Nehames Bernstine
|
0-0: Fly out, F8 (Flyball, 89D, EV 84.4 MPH)
|
|
Batting: RHB Denny Gonzalez
|
0-0: Ball 1-0: Foul Ball, location: 2F 1-1: Ball 2-1: Foul Ball, location: 2F 2-2: Foul Ball, location: 2F 2-2: Ball 3-2: Base on Balls Alex Duarte to second
|
|
Pinch Hitting: RHB Michael Strawberry
|
0-0: Ball 1-0: Foul Ball, location: 2F 1-1: Called Strike 1-2: Grounds into double play, 5-4-3 (Groundball, 5, EV 88.8 MPH)
|
| Bottom of the 7th over - 0 runs, 0 hits, 0 errors, 1 left on base; El Paso 5 - Arkansas 13 |
| TOP OF THE 8TH |
|
El Paso Sun Kings batting - Pitching for Arkansas Travelers : LHP Ricardo Acevedo
|
|
Now at 1B: Kenneth Foster
|
|
|
Batting: RHB Jimmy Waugh
|
0-0: Ball 1-0: Swinging Strike 1-1: Foul Ball, location: 2F 1-2: Fly out, F8 (Flyball, 8LS, EV 86.9 MPH)
|
|
Batting: RHB Jon Hansen
|
0-0: Swinging Strike 0-1: Called Strike 0-2: Strikes out looking
|
|
Batting: RHB Michael Hanson
|
0-0: Ball 1-0: Called Strike 1-1: Ball 2-1: SINGLE (Line Drive, 5D, EV 94.4 MPH)
|
|
Pinch Hitting: RHB James Barbe
|
0-0: Foul Ball, location: 2F 0-1: Ball 1-1: Foul Ball, location: 2F 1-2: Ball 2-2: Strikes out swinging
|
| Top of the 8th over - 0 runs, 1 hit, 0 errors, 1 left on base; El Paso 5 - Arkansas 13 |
| BOTTOM OF THE 8TH |
|
Arkansas Travelers batting - Pitching for El Paso Sun Kings : RHP John Harness
|
|
Now at 1B: James Barbe
|
|
|
Batting: RHB Kevin Seitzer
|
0-0: Called Strike 0-1: SINGLE (Flyball, 6D, EV 93.1 MPH)
|
|
Batting: SHB Bob Meacham
|
0-0: Called Strike 0-1: Ball 1-1: Ball 2-1: Ball 3-1: Foul Ball, location: 2F 3-2: Base on Balls Kevin Seitzer to second
|
|
Batting: LHB Jesus Marinez
|
0-0: DOUBLE (Line Drive, 89D, EV 111.9 MPH) Kevin Seitzer scores Bob Meacham to third
|
|
Pitching: RHP Gary Granke
|
|
|
Batting: LHB Chris Henry
|
0-0: Called Strike 0-1: Fly out, F8 (Flyball, 8RXD, EV 105.0 MPH) Runner from 3rd tags up, SCORES, no throw by CF
|
|
Batting: RHB Rob Deer
|
0-0: Ball 1-0: Ground out 6-3 (Groundball, 6S, EV 86.9 MPH)
|
|
Batting: RHB Alex Duarte
|
0-0: SINGLE (Groundball, 6MD, EV 101.3 MPH) Jesus Marinez to third Runner from 3rd tries for Home, SAFE, throw by CF to home
|
|
Batting: RHB Nehames Bernstine
|
0-0: Ball 1-0: Foul Ball, location: 2F 1-1: Ball 2-1: Ball 3-1: Base on Balls Alex Duarte to second
|
|
Batting: RHB Denny Gonzalez
|
0-0: Ball 1-0: Foul Ball, location: 2F 1-1: SINGLE (Groundball, 6D, EV 96.3 MPH) Alex Duarte to third Nehames Bernstine to second Runner from 3rd tries for Home, SAFE, throw by LF to home
|
|
Batting: RHB Kenneth Foster
|
0-0: Called Strike 0-1: Ball 1-1: Ball 2-1: Ball 3-1: Base on Balls Nehames Bernstine to third Denny Gonzalez to second
|
|
Batting: RHB Kevin Seitzer
|
0-0: Ball 1-0: Ball 2-0: Fly out, F8 (Line Drive, 8RD, EV 91.3 MPH)
|
| Bottom of the 8th over - 4 runs, 4 hits, 0 errors, 3 left on base; El Paso 5 - Arkansas 17 |
| TOP OF THE 9TH |
|
El Paso Sun Kings batting - Pitching for Arkansas Travelers : LHP Ricardo Acevedo
|
|
Pitching: LHP Kevin Joyce
|
|
|
Batting: SHB Danny Torres
|
0-0: Foul Ball, location: 2F 0-1: Called Strike 0-2: Ball 1-2: SINGLE (Groundball, 6S, EV 75.6 MPH) (infield hit)
|
|
Batting: RHB Bruce Benedict
|
0-0: Fly out, F7 (Flyball, 7, EV 87.5 MPH)
|
|
Batting: SHB Wayne Stone
|
0-0: Ball 1-0: Foul Ball, location: 2F 1-1: Swinging Strike 1-2: Ball 2-2: Ball 3-2: Strikes out swinging
|
|
Batting: RHB William Cline
|
0-0: Called Strike 0-1: Called Strike 0-2: Foul Ball, location: 2F 0-2: Ball 1-2: Ball 2-2: Foul Ball, location: 2F 2-2: Ball 3-2: Strikes out swinging
|
| Top of the 9th over - 0 runs, 1 hit, 0 errors, 1 left on base; El Paso 5 - Arkansas 17 |
|